 Dungeon Crawl Stone Soup version 0.20-a0-470-gbb038bd (webtiles) character file.

180 theAP the Skirmisher (level 5, 0/47 HPs)
             Began as a Hill Orc Fighter on Jan 13, 2017.
             Killed from afar by an orc wizard (7 damage)
             ... with a magic dart
             ... on level 3 of the Dungeon.
             The game lasted 00:04:37 (2117 turns).

theAP the Skirmisher (Hill Orc Fighter)             Turns: 2117, Time: 00:04:38

Health: 0/47       AC:  7    Str: 20    XL:     5   Next: 60%
Magic:  5/5        EV:  6    Int:  8    God:
Gold:   79         SH:  7    Dex: 10    Spells: 1/4 levels left

rFire  + . .     SeeInvis .     a - +0 long sword
rCold  . . .     Gourm    .     b - +0 scale mail
rNeg   . . .     Faith    .     c - +0 shield
rPois  .         Spirit   .     m - +0 hat
rElec  .         Reflect  .     (no cloak)
rCorr  .         Harm     .     p - +0 pair of gloves
MR     .....                    (no boots)
Stlth  ..........               (no amulet)
                                r - ring of protection from fire
                                h - ring of flight

@: slowed, heavily drained, very slow
A: no striking features
a: Evoke Flight


You were on level 3 of the Dungeon.
You were not hungry.

You visited 1 branch of the dungeon, and saw 3 of its levels.

You collected 79 gold pieces.

Inventory:

Hand Weapons
 a - a +0 long sword (weapon)
Armour
 b - a +0 scale mail (worn)
 c - a +0 shield (worn)
 m - a +0 hat (worn)
 p - a +0 pair of gloves (worn)
Jewellery
 h - a ring of flight (left hand)
 r - a ring of protection from fire (right hand)
Scrolls
 e - 3 scrolls of identify
 l - 3 scrolls of remove curse
Potions
 d - a potion of might
 g - 3 potions of curing
 i - a potion of haste
 j - a potion of resistance
Books
 o - a book of Misfortune

   Spells                             Type                      Level
   a - Confusing Touch                Hexes                        1
   b - Confuse                        Hexes                        3
   c - Gell's Gravitas                Hexes/Translocation          3
   d - Petrify                        Transmutation/Earth          4
   e - Metabolic Englaciation         Hexes/Ice                    5
   f - Yara's Violent Unravelling     Hexes/Transmutation          5
Comestibles
 f - 2 bread rations
 k - a beef jerky
 q - a slice of pizza


   Skills:
 + Level 4.8(2.4) Fighting
 * Level 4.5(2.1) Long Blades
 - Level 3.2(0.9) Armour
 + Level 1.5(0.0) Dodging
 - Level 3.2(0.9) Shields
 + Level 1.0(0.0) Hexes


You had one spell level left.
You knew the following spells:

 Your Spells              Type           Power        Failure   Level  Hunger
a - Confuse               Hex            #.......     100%        3    ####...


Dungeon Overview and Level Annotations

Branches:
Dungeon (3/15)

Altars:
Kikubaaqudgha
Makhleb
Nemelex Xobeh
Okawaru
Ru


Message History

* * * LOW HITPOINT WARNING * * *
The orc hits you.
* * * LOW HITPOINT WARNING * * *
The orc wizard casts a spell at you. You resist with some effort.
The orc closely misses you.
You barely miss the orc.
The orc wizard mumbles some strange words.
The orc wizard blinks!
You block the orc's attack. The orc hits you but does no damage.
You slash the orc!
The orc is almost dead.
You block the orc's attack. x2
You completely miss the orc.
The orc is almost dead.
The orc hits you but does no damage. You block the orc's attack.
You slash the orc!
You kill the orc!
The orc wizard casts a spell at you. The magic dart hits you!
You die...

......##...#
#........#
...........#
#........#
##.........#
#........#
...###.#...#
#........# .###
#.#...#
#........# .#
#.#####
#........# ..# #
#.######### ...<.
#######.##.......
..##..
........)@.......
.## #
.######†##.......
.. .... .......
###
.......o......
................
..........(.....
................
.........!.#####


You could see an orc wizard.

Vanquished Creatures
  An orc wizard (D:3)
  4 gnolls (D:2)
  5 adders
  3 leopard geckos
  8 orcs (D:3)
  4 goblins
  7 hobgoblins
  4 jackals (D:1)
  8 kobolds
  7 bats
  3 frilled lizards
  7 rats
61 creatures vanquished.

Notes
Turn   | Place    | Note
-------+----------+-------------------------------------------
     0 | D:1      | theAP the Hill Orc Fighter began the quest for the Orb.
     0 | D:1      | Reached XP level 1. HP: 19/19 MP: 1/1
   186 | D:1      | Reached XP level 2. HP: 20/27 MP: 2/2
   683 | D:1      | Reached XP level 3. HP: 33/33 MP: 3/3
  1000 | D:2      | Found a burning altar of Makhleb.
  1002 | D:2      | Found a sparkling altar of Nemelex Xobeh.
  1372 | D:2      | Reached XP level 4. HP: 40/40 MP: 4/4
  1426 | D:2      | Reached skill level 1 in Dodging
  1622 | D:2      | Found an ancient bone altar of Kikubaaqudgha.
  1623 | D:2      | Found a sacrificial altar of Ru.
  1640 | D:2      | Learned a level 3 spell: Confuse
  1685 | D:3      | Reached XP level 5. HP: 44/47 MP: 5/5
  1703 | D:3      | Found an iron altar of Okawaru.
  1820 | D:3      | Reached skill level 1 in Hexes
  2117 | D:3      | Killed from afar by an orc wizard

Vault maps used:
D:1:      eino_arrival_cavern_b, serial_aquarium, aquarium_bridge_square,
          aquarium_window_fake, aquarium_window_fake, aquarium_view_2f,
          aquarium_balcony_double_3
D:2:      chequers_temple_overflow_statue_of_worship,
          gammafunk_temple_overflow_statue
D:3:      okawaru_gym_becter

Skill      XL: |  1  2  3  4  5 |
---------------+----------------+-----
Long Blades    | 3 4 |  4.5
Fighting       | 4 |  4.8
Dodging        | 1 |  1.5
Hexes          | 1 |  1.0
Armour         | |  3.2
Shields        | |  3.2

Action                   |  1- 3 |  4- 6 || total
-------------------------+-------+-------++-------
Melee: Long sword        |   119 |   115 ||   234
  Use: Scroll            |     3 |     5 ||     8
       Potion            |       |     1 ||     1
  Eat: Chunk             |     1 |     3 ||     4
Armor: Scale mail        |    51 |    59 ||   110
Dodge: Dodged            |    34 |    43 ||    77
Block: Shield            |    51 |    78 ||   129
       Rpst.: Long sword |    11 |    13 ||    24
